 Dungeon Crawl Stone Soup version 0.21.1-1-g345015f (webtiles) character file.

39 Monsterracer the Stinger (level 3, 0/24 HPs)
             Began as a Human Venom Mage on Feb 17, 2018.
             Slain by a quokka (4 damage)
             ... on level 2 of the Dungeon.
             The game lasted 00:03:27 (1316 turns).

Monsterracer the Stinger (Human Venom Mage)         Turns: 1316, Time: 00:03:27

Health: 0/24       AC:  2    Str:  9    XL:     3   Next: 67%
Magic:  1/6        EV: 12    Int: 15    God:
Gold:   79         SH:  0    Dex: 13    Spells: 3/6 levels left

rFire    . . .     SeeInvis .     - Unarmed
rCold    . . .     Gourm    .   (no shield)
rNeg     . . .     Faith    .   a - +0 robe
rPois    .         Spirit   .   (no helmet)
rElec    .         Reflect  .   (no cloak)
rCorr    .         Harm     .   (no gloves)
MR       .....                  (no boots)
Stlth    ++........             (no amulet)
HPRegen  0.08/turn              (no ring)
MPRegen  0.10/turn              (no ring)

@: very slightly contaminated
A: no striking features
a: no special abilities


You were on level 2 of the Dungeon.
You were very hungry.

You visited 1 branch of the dungeon, and saw 2 of its levels.

You collected 79 gold pieces.

Inventory:

Armour
 a - a +0 robe (worn)
 g - a +0 chain mail
Scrolls
 d - 2 scrolls of identify {unknown}
 f - a scroll of immolation {unknown}
Potions
 b - a potion of might {unknown}
 e - a potion of curing {unknown}
Comestibles
 c - 2 rations


   Skills:
 - Level 2.0 Dodging
 - Level 2.0 Stealth
 + Level 3.0 Unarmed Combat
 - Level 2.0 Spellcasting
 - Level 1.0 Conjurations
 - Level 3.0 Poison Magic


You had 3 spell levels left.
You knew the following spells:

 Your Spells              Type           Power        Failure   Level  Hunger
a - Poisonous Vapours     Pois/Air       #.....       19%         2    ###....
b - Sting                 Conj/Pois      #...         10%         1    #......


Dungeon Overview and Level Annotations

Branches:
Dungeon (2/15)

Altars:
Xom


Message History

The jackal barely misses you.
You hit the jackal but do no damage. The jackal bites you.
You take 1 damage, and have 21/24 hp.
You closely miss the jackal. The jackal bites you.
The jackal closely misses you.
You take 2 damage, and have 19/24 hp.
You hit the jackal but do no damage. The jackal closely misses you.
You hit the jackal but do no damage. The jackal barely misses you.
You closely miss the jackal. The jackal misses you.
The jackal bites you but does no damage.
You closely miss the jackal. The jackal misses you.
You miss the jackal. The jackal bites you.
You take 1 damage, and have 18/24 hp.
You are too injured to fight recklessly!
You barely miss the jackal. The jackal barely misses you. x2
You barely miss the jackal. The jackal bites you.
Casting: Poisonous Vapours
Confirm with . or Enter, or press ? or * to list all spells.
Aiming: Sting
Press: ? - help, Shift-Dir - straight line, f/p - jackal
Aim: a jackal (lightly wounded)
The sting misses the jackal. x2; The jackal bites you.
You take 3 damage, and have 15/24 hp.
You now have 2/6 mp.
Casting: Sting
Confirm with . or Enter, or press ? or * to list all spells.
Aiming: Sting
Press: ? - help, Shift-Dir - straight line, f/p - jackal
Aim: a jackal (lightly wounded)
The sting hits the jackal.
The jackal appears unharmed.
You are feeling very hungry.
The jackal barely misses you. The jackal bites you.
You take 1 damage, and have 14/24 hp.
You now have 1/6 mp.
Casting: Sting
Confirm with . or Enter, or press ? or * to list all spells.
Aiming: Sting
Press: ? - help, Shift-Dir - straight line, f/p - jackal
Aim: a jackal (lightly wounded)
The sting hits the jackal.
The jackal is poisoned.
The jackal is severely wounded.
The jackal bites you.
You take 1 damage, and have 13/24 hp.
You now have 0/6 mp.
You closely miss the jackal.
The jackal is severely wounded.
The jackal bites you.
* * * LOW HITPOINT WARNING * * *
You take 2 damage, and have 11/24 hp.
You kill the jackal!
The jackal bites you.
* * * LOW HITPOINT WARNING * * *
You take 2 damage, and have 9/24 hp.
You hit the jackal but do no damage.
The jackal bites you but does no damage.
You hit the jackal.
You kill the jackal!
Your Unarmed Combat skill increases to level 3!
You miss the jackal.
The jackal is lightly wounded.
The jackal completely misses you.
You barely miss the jackal.
The jackal is lightly wounded.
The jackal barely misses you. The jackal bites you.
* * * LOW HITPOINT WARNING * * *
You take 1 damage, and have 8/24 hp.
Casting: Sting
Confirm with . or Enter, or press ? or * to list all spells.
Aiming: Sting
Press: ? - help, Shift-Dir - straight line, f/p - jackal
Aim: a jackal (lightly wounded)
The sting hits the jackal.
The jackal appears unharmed.
The jackal is lightly wounded.
The jackal barely misses you.
You now have 0/6 mp.
You barely miss the jackal.
The jackal is lightly wounded.
The jackal closely misses you.
You hit the jackal.
The jackal is almost dead.
The jackal closely misses you. x2
You barely miss the jackal.
The jackal is almost dead.
The jackal closely misses you.
You hit the jackal.
You kill the jackal!
You closely miss the quokka. The quokka barely misses you.
You miss the quokka. The quokka bites you.
* * * LOW HITPOINT WARNING * * *
You take 5 damage, and have 4/24 hp.
MASSIVE DAMAGE!!
You hit the quokka.
The quokka is severely wounded.
The quokka bites you but does no damage.
You hit the quokka but do no damage.
The quokka is severely wounded.
The quokka barely misses you. The quokka closely misses you.
You hit the quokka.
The quokka is almost dead.
The quokka misses you.
You closely miss the quokka.
The quokka is almost dead.
The quokka bites you.
You die...

#...########### ..#
#.............# #+#.#
#............)# #.#.#
#.............# #.#.#
##.............# #####....
...............# ........#
#..............#
........###..............##
.......>†r@...............#
.(..!..####...............#
....... #............<..#
....... #.##.....####.#.#
....... #.#####..# #.#.#
..h.... #....##..####.# #
.###### ####.##.......#
#.##.####### #...........


You could see a quokka.

Vanquished Creatures
  2 oozes
  A dart slug (D:1)
  2 bats (D:1)
  3 giant cockroaches (D:1)
  5 goblins (D:1)
  A hobgoblin (D:1)
  4 jackals (D:2)
  5 kobolds (D:1)
  A rat (D:1)
24 creatures vanquished.

Notes
Turn   | Place    | Note
-------+----------+-------------------------------------------
     0 | D:1      | Monsterracer the Human Venom Mage began the quest for the Orb.
     0 | D:1      | Reached XP level 1. HP: 13/13 MP: 3/3
   149 | D:1      | Reached skill level 1 in Unarmed Combat
   228 | D:1      | Reached XP level 2. HP: 13/19 MP: 0/5
   277 | D:1      | Learned a level 2 spell: Poisonous Vapours
   623 | D:1      | Reached XP level 3. HP: 21/24 MP: 6/6
   887 | D:1      | Found a shimmering altar of Xom.
   889 | D:1      | Found a bloodstained altar of Trog.
   889 | D:1      | Found a white marble altar of Elyvilon.
   891 | D:1      | Found a shimmering altar of Xom.
   891 | D:1      | Found a snail-covered altar of Cheibriados.
   891 | D:1      | Found a sacrificial altar of Ru.
  1299 | D:2      | HP: 11/24 [jackal (2)]
  1305 | D:2      | HP: 8/24 [jackal (1)]
  1312 | D:2      | HP: 4/24 [quokka (5)]
  1316 | D:2      | Slain by a quokka

Skill      XL: |  1  2  3 |
---------------+----------+-----
Unarmed Combat | 1 2 3 |  3.0
Dodging        | |  2.0
Stealth        | |  2.0
Spellcasting   | |  2.0
Conjurations   | |  1.0
Poison Magic   | |  3.0

Action                   || total
-------------------------++-------
Melee: Unarmed           ||   130
 Cast: Sting             ||    24
       Poisonous Vapours ||     1
 Stab: Sleeping          ||     1
  Eat: Chunk             ||     1
Armor: Robe              ||    24
Dodge: Dodged            ||    94

Vault maps used:
D:1:      dpeg_arrival_connections, doesnt_xom_only_xom
D:2:      cheibrodos_old_hovel, tso_altar, first_ration
